 Dungeon Crawl Stone Soup version 0.25-a0-404-gc1b5a34292 (webtiles) character file.

Game seed: 15243799356369658621, levelgen mode: deterministic

800 MisterFreud the Cudgeler (level 7, -1/54 HPs)
             Began as a Gnoll Chaos Knight on Jan 12, 2020.
             Was a Plaything of Xom.
             Slain by a mummy (17 damage)
             ... in an ossuary.
             The game lasted 00:09:03 (3848 turns).

MisterFreud the Cudgeler (Gnoll Chaos Knight)       Turns: 3848, Time: 00:09:03

Health: -1/54      AC: 16    Str: 15      XL:     7   Next: 90%
Magic:  11/11      EV: 14    Int: 15 (16) God:    Xom [....*.]
Gold:   279        SH:  4    Dex: 16      Spells: 11/11 levels left

rFire    + . .     SeeInvis .   r - +2 mace (protect)
rCold    + . .     Gourm    +   (no shield)
rNeg     . . .     Faith    .   b - +3 leather armour
rPois    +         Spirit   .   h - +2 hat
rElec    +         Reflect  .   (no cloak)
rCorr    +         Harm     .   n - +0 pair of gloves
MR       +....                  (no boots)
Stlth    +.........             s - amulet of the gourmand
HPRegen  0.18/turn              v - ring of protection from magic
MPRegen  0.12/turn              (no ring)

@: resistant, protection aura, glowing
A: distributed training, fangs 1, large bone plates 1, agile 1, blink,
deterioration 1, frail 1, sense surroundings 1, wild magic 1, MP-powered wands,
strong nose
a: Blink, Renounce Religion


You were in an ossuary.
You worshipped Xom.
You were a beloved toy of Xom.
You were very full.

You visited 1 branch of the dungeon, and saw 6 of its levels.
You also visited: Ossuary.

You collected 279 gold pieces.

Inventory:

Hand Weapons
 a - a +0 mace of chaos
 r - a +2 mace of protection (weapon)
Missiles
 i - 96 sling bullets
 j - 173 stones (quivered)
 p - 12 arrows
 w - 3 atropa-tipped darts
Armour
 b - a +3 leather armour (worn)
 h - a +2 hat (worn)
 n - a +0 pair of gloves (worn)
 u - a +2 robe of magic resistance
Jewellery
 m - an uncursed amulet of magic regeneration
 s - an amulet of the gourmand (around neck)
 v - a ring of protection from magic (left hand)
Scrolls
 d - 2 scrolls of remove curse
 e - 2 scrolls of identify
 f - 2 scrolls of magic mapping
 g - 2 scrolls of enchant armour
 l - 4 scrolls of teleportation
 y - a scroll of noise {unknown}
 z - a scroll of random uselessness {unknown}
Potions
 k - 3 potions of cancellation
 o - a potion of mutation
 q - 2 potions of flight
 t - a potion of curing
 A - a potion of berserk rage {unknown}
 B - a potion of magic {unknown}
Comestibles
 c - 8 rations


   Skills:
 + Level 7.1 Fighting
 + Level 2.7 Short Blades
 + Level 2.7 Long Blades
 + Level 2.7 Axes
 + Level 7.1 Maces & Flails
 + Level 2.7 Polearms
 + Level 2.7 Staves
 + Level 2.7 Slings
 + Level 2.7 Bows
 + Level 2.7 Crossbows
 + Level 2.7 Throwing
 + Level 5.3 Armour
 + Level 3.8 Dodging
 + Level 2.7 Stealth
 + Level 2.7 Shields
 + Level 2.7 Unarmed Combat
 + Level 2.7 Spellcasting
 + Level 2.2 Conjurations
 + Level 2.2 Hexes
 + Level 2.2 Charms
 + Level 2.2 Summonings
 + Level 2.2 Necromancy
 + Level 2.2 Translocations
 + Level 2.2 Transmutations
 + Level 2.2 Fire Magic
 + Level 2.2 Ice Magic
 + Level 2.2 Air Magic
 + Level 2.2 Earth Magic
 + Level 2.2 Poison Magic
 + Level 3.0 Invocations
 + Level 2.7 Evocations


You had 11 spell levels left.
You didn't know any spells.
Your spell library contained the following spells:

 Spells                   Type           Power        Failure   Level  Hunger
 Animate Skeleton         Necr           N/A          14%         1    #......
 Apportation              Tloc           ##....       14%         1    #......
 Corona                   Hex            ##.....      14%         1    #......
 Summon Small Mammal      Summ           ##..         14%         1    #......


Dungeon Overview and Level Annotations

Branches:
Dungeon (6/15)            Ossuary (1/1)
 Temple: D:4-7

Altars:
Ashenzari
Trog
Yredelemnul
The Shining One


Innate Abilities, Weirdness & Mutations

Your experience applies equally to all skills.
You have very sharp teeth.
Your uncanny sense of smell can sniff out nearby items.
You are partially covered in large bone plates. (SH +4)
You are agile. (Dex +2)
You can translocate small distances at will.
Your body sometimes deteriorates upon taking damage.
You are frail. (-10% HP)
You passively map a small area around you.
Your spells are a little harder to cast, but a little more powerful.
You expend magic power (3 MP) to strengthen your wands.


Message History

The mummy is almost destroyed.
The mummy hits you!
* * * LOW HITPOINT WARNING * * *
Your body deteriorates!
You feel dopey.
You hit the mummy.
You destroy the mummy!
The mummy hits you but does no damage.
It was a potion of resistance.
You feel protected. The mummy hits you but does no damage.
The mummy misses you.
You hit the mummy.
The mummy is lightly damaged.
The mummy misses you.
You thump the mummy!
The mummy is severely damaged.
The mummy hits you but does no damage.
You completely miss the mummy. Your bite misses the mummy.
The mummy is severely damaged.
The mummy hits you!
You die...

,*#....#
#....#,
∆ ,
,#....#
,, , ,
#....#
∆∆ , ,,
#....#
∆∆ * ∆
#....# ,
∆∆ ,,
#...Z# ,
∆∆ ∆,
*#..MM#*
,∆∆ ,, *
#.∩∩@#
,∆∆ * *
###### *


You could see 2 mummies and a big kobold zombie.

Vanquished Creatures
  2 scorpions
  2 howler monkeys
  A crimson imp (D:4)
  A jelly (D:5)
  2 orc priests
  3 hounds (D:4)
  2 orc wizards
  Jessica (D:3)
  2 worker ants (D:5)
  A hound skeleton (D:4)
  A mummy (Ossuary)
  10 adders
  An ooze (D:1)
  2 worms (D:2)
  2 dart slugs
  A leopard gecko (D:1)
  18 orcs
  10 bats
  9 giant cockroaches
  19 goblins
  12 hobgoblins
  12 jackals
  6 kobolds
  A quokka (D:2)
  2 ball pythons
  6 frilled lizards
  3 gnoll zombies (Ossuary)
  A goblin skeleton (D:4)
  2 goblin zombies (D:4)
  3 hobgoblin zombies
  A kobold skeleton (D:4)
  2 kobold zombies (D:4)
  A leopard gecko skeleton (D:4)
  An orc zombie (D:4)
  8 rats
  A spectral orc (D:5)
152 creatures vanquished.

Notes
Turn   | Place    | Note
-------+----------+-------------------------------------------
     0 | D:1      | MisterFreud the Gnoll Chaos Knight began the quest for the
                  | Orb.
     0 | D:1      | Reached XP level 1. HP: 23/23 MP: 1/1
   101 | D:1      | XOM: harmless Pois miscast
   172 | D:1      | Reached XP level 2. HP: 22/29 MP: 2/2
   231 | D:1      | XOM: divination: detect items
   300 | D:1      | XOM: divination: magic mapping
   385 | D:1      | Reached XP level 3. HP: 35/35 MP: 3/3
   702 | D:1      | XOM: divination: magic mapping
   718 | D:1      | Reached skill level 1 in Invocations
   855 | D:1      | XOM: noise
  1017 | D:2      | Reached skill level 1 in Short Blades
  1017 | D:2      | Reached skill level 1 in Long Blades
  1017 | D:2      | Reached skill level 1 in Axes
  1017 | D:2      | Reached skill level 1 in Polearms
  1017 | D:2      | Reached skill level 1 in Staves
  1017 | D:2      | Reached skill level 1 in Slings
  1017 | D:2      | Reached skill level 1 in Bows
  1017 | D:2      | Reached skill level 1 in Crossbows
  1017 | D:2      | Reached skill level 1 in Throwing
  1017 | D:2      | Reached skill level 1 in Stealth
  1017 | D:2      | Reached skill level 1 in Shields
  1017 | D:2      | Reached skill level 1 in Unarmed Combat
  1017 | D:2      | Reached skill level 1 in Spellcasting
  1017 | D:2      | Reached skill level 1 in Evocations
  1017 | D:2      | Reached XP level 4. HP: 32/41 MP: 5/5
  1100 | D:2      | XOM: 1-stop teleportation journey
  1310 | D:2      | Reached skill level 1 in Conjurations
  1310 | D:2      | Reached skill level 1 in Hexes
  1310 | D:2      | Reached skill level 1 in Charms
  1310 | D:2      | Reached skill level 1 in Summonings
  1310 | D:2      | Reached skill level 1 in Necromancy
  1310 | D:2      | Reached skill level 1 in Translocations
  1310 | D:2      | Reached skill level 1 in Transmutations
  1310 | D:2      | Reached skill level 1 in Fire Magic
  1310 | D:2      | Reached skill level 1 in Ice Magic
  1310 | D:2      | Reached skill level 1 in Air Magic
  1310 | D:2      | Reached skill level 1 in Earth Magic
  1310 | D:2      | Reached skill level 1 in Poison Magic
  1317 | D:2      | XOM: give mutations
  1317 | D:2      | Gained mutation: Your body sometimes deteriorates upon
                  | taking damage. [Xom's mischief]
  1317 | D:2      | Gained mutation: You are frail. (-10% HP) [Xom's mischief]
  1317 | D:2      | Gained mutation: You passively map a small area around you.
                  | [Xom's mischief]
  1383 | D:2      | Reached XP level 5. HP: 40/42 MP: 6/6
  1584 | D:2      | XOM: give mutations
  1584 | D:2      | Gained mutation: You are agile. (Dex +2) [Xom's grace]
  1584 | D:2      | Gained mutation: You expend magic power (3 MP) to
                  | strengthen your wands. [Xom's grace]
  1800 | D:3      | Found a bloodstained altar of Trog.
  1855 | D:3      | Noticed Robin
  1888 | D:3      | Noticed Robin
  1888 | D:3      | Robin changed into Robin the adder
  1888 | D:3      | XOM: polymorph Robin -> Robin the adder
  1890 | D:3      | Reached XP level 6. HP: 47/47 MP: 8/8
  1906 | D:3      | Killed Robin the adder
  1990 | D:3      | Noticed Jessica
  2004 | D:3      | Killed Jessica
  2025 | D:3      | XOM: cloud trail
  2182 | D:4      | Reached skill level 5 in Armour
  2229 | D:4      | XOM: give mutations
  2229 | D:4      | Gained mutation: You can translocate small distances at
                  | will. [Xom's grace]
  2229 | D:4      | Gained mutation: Your spells are a little harder to cast,
                  | but a little more powerful. [Xom's grace]
  2229 | D:4      | Gained mutation: You are partially covered in large bone
                  | plates. (SH +4) [Xom's grace]
  2347 | D:4      | XOM: god gift: glowing robe {god gift}
  2464 | D:4      | XOM: divination: magic mapping
  2467 | D:4      | XOM: cleaving
  2595 | D:4      | Reached XP level 7. HP: 48/53 MP: 10/10
  2676 | D:4      | Found a glowing golden altar of the Shining One.
  2676 | D:4      | XOM: enchant monster (good)
  2745 | D:4      | XOM: summons 3 hostile demons
  2948 | D:4      | XOM: mild Summ miscast
  3031 | D:5      | Entered Level 5 of the Dungeon
  3063 | D:5      | Found a shattered altar of Ashenzari.
  3195 | D:5      | XOM: torment (28/54 hp)
  3509 | D:5      | XOM: severe Fire miscast
  3645 | D:5      | Found a basalt altar of Yredelemnul.
  3785 | D:6      | Found a sand-covered staircase.
  3792 | Ossuary  | Entered an ossuary
  3822 | Ossuary  | XOM: mild Hex miscast
  3848 | Ossuary  | Slain by a mummy

Levels and vault maps discovered:
D:1:      arrival_zaba_pyramid, layout_basic, corexii_corridor_pit
D:2:      kennysheep_six_static_rooms, layout_basic,
          minmay_misc_feat_secret_circle
D:3:      layout_rooms, lemuel_crystal_altar, uniq_jessica, uniq_robin
D:4:      layout_cave_pods, nicolae_tso_besieged_by_evil
D:5:      layout_basic, cheibrodos_ashenzari_chains,
          yredelemnul_forgotten_temple_becter, first_ration, solitary_fountain
D:6:      layout_basic, nicolae_ossuary_entry_plus, minmay_misc_feat_roman
Ossuary:  ossuary_tomb_3

Skill      XL: |  1  2  3  4  5  6  7 |
---------------+----------------------+-----
Invocations    | 1 2 3 |  3.0
Short Blades   | 1 2 |  2.7
Long Blades    | 1 2 |  2.7
Axes           | 1 2 |  2.7
Polearms       | 1 2 |  2.7
Staves         | 1 2 |  2.7
Slings         | 1 2 |  2.7
Bows           | 1 2 |  2.7
Crossbows      | 1 2 |  2.7
Throwing       | 1 2 |  2.7
Stealth        | 1 2 |  2.7
Shields        | 1 2 |  2.7
Unarmed Combat | 1 2 |  2.7
Spellcasting   | 1 2 |  2.7
Evocations     | 1 2 |  2.7
Conjurations   | 1 2 |  2.2
Hexes          | 1 2 |  2.2
Charms         | 1 2 |  2.2
Summonings     | 1 2 |  2.2
Necromancy     | 1 2 |  2.2
Translocations | 1 2 |  2.2
Transmutations | 1 2 |  2.2
Fire Magic     | 1 2 |  2.2
Ice Magic      | 1 2 |  2.2
Air Magic      | 1 2 |  2.2
Earth Magic    | 1 2 |  2.2
Poison Magic   | 1 2 |  2.2
Dodging        | 3 |  3.8
Armour         | 5 |  5.3
Fighting       | 7 |  7.1
Maces & Flails | 7 |  7.1

Action                   |  1- 3 |  4- 6 |  7- 9 || total
-------------------------+-------+-------+-------++-------
Melee: Mace              |   110 |   241 |   154 ||   505
       Bite              |    13 |    28 |    14 ||    55
       Punch             |       |     1 |     3 ||     4
  Use: Scroll            |     3 |     7 |     1 ||    11
       Potion            |       |     1 |     1 ||     2
 Stab: Sleeping          |     2 |     3 |     2 ||     7
       Paralysed         |     1 |       |       ||     1
       Petrified         |       |       |     5 ||     5
  Eat: Chunk             |       |    17 |     5 ||    22
Armor: Leather armour    |    40 |    75 |    60 ||   175
Dodge: Dodged            |    79 |   141 |    93 ||   313
Block: Other             |       |     8 |    26 ||    34

Table legend:
 A = Non-vault XP
 B = Vault XP
 C = Vault XP percentage of total XP
 D = Non-vault monster count
 E = Vault monster count
 F = Vault count percentage of total count
                 A         B        C        D         E       F
            +---------+---------+-------+---------+---------+-------
      Total |     955 |     189 |  16.5 |     117 |      35 |  23.0
            +---------+---------+-------+---------+---------+-------
        D:1 |      59 |       0 |   0.0 |      29 |       0 |   0.0
        D:2 |      75 |      35 |  31.8 |      29 |       6 |  17.1
        D:3 |     158 |      72 |  31.3 |      28 |      13 |  31.7
        D:4 |     331 |      57 |  14.7 |      17 |      10 |  37.0
        D:5 |     265 |       1 |   0.4 |       9 |       1 |  10.0
        D:6 |      67 |       0 |   0.0 |       5 |       0 |   0.0
    Ossuary |       0 |      24 | 100.0 |       0 |       5 | 100.0
            +---------+---------+-------+---------+---------+-------
